 Dungeon Crawl Stone Soup version 0.32-a0-859-gb0a091d592 (webtiles) character file.

Game seed: 10752522504260623084

56 Xavori the Trooper (level 4, 0/38 HPs)
             Began as a Djinni Chaos Knight on Mar 28, 2024.
             Was a Plaything of Xom.
             Slain by an orc priest
             ... wielding a +0 whip
              (3 damage)
             ... on level 2 of the Dungeon.
             The game lasted 00:01:21 (1090 turns).

Xavori the Trooper (Djinni Chaos Knight)            Turns: 1090, Time: 00:01:21

Health: 0/38       AC:  7    Str: 10    XL:     4   Next: 15%
Gold:   92         EV: 11    Int: 17    God:    Xom [......] SH:  0 Dex: 14

rFire   + + +        a - +0 falchion (chaos)
rCold   x . .        (no shield)
rNeg    . . .        b - +2 leather armour
rPois   ∞            (no helmet)
rElec   .            (no cloak)
rCorr   .            (no gloves)
SInv    .            (boots unavailable)
Will    .....        (no amulet)
Stlth   +            (no ring)
HPRegen 0.26/turn    (no ring)
MPRegen 0.00/turn

%: infuse magic (-1 HP)
@: flying, invisible
A: sickness immunity, fire resistance 3, cold vulnerability 1, float, innate
caster, HP casting, extra vitality 1, iridescent scales 1, clever 1, robust 1
a: Renounce Religion


You were on level 2 of the Dungeon.
You worshipped Xom.
You were a very special plaything of Xom.
You visited 1 branch of the dungeon, and saw 2 of its levels.

You collected 92 gold pieces.

Inventory:

Hand Weapons
 a - a +0 falchion of chaos (weapon)
Armour
 b - a +2 leather armour (worn)
Wands
 h - a wand of digging (5)
Scrolls
 c - a scroll of butterflies
 e - a scroll of teleportation {unknown}
 f - a scroll of fear {unknown}
 i - a scroll of identify {unknown}
 j - a scroll of enchant weapon {unknown}
Potions
 d - a potion of lignification {unknown}


   Skills:
 + Level 3.3 Fighting
 + Level 3.0 Long Blades
 + Level 1.6 Armour
 + Level 2.6 Dodging
 * Level 1.3 Spellcasting
 * Level 1.3 Conjurations
 * Level 1.3 Hexes
   Level 0.0 Charms
 * Level 1.3 Summonings
 * Level 1.3 Necromancy
 * Level 1.3 Translocations
   Level 0.0 Transmutations
 * Level 1.3 Fire Magic
 * Level 1.3 Ice Magic
 * Level 1.3 Air Magic
 * Level 1.3 Earth Magic
 * Level 1.3 Alchemy


You knew the following spells:

 Your Spells              Type           Power      Damage    Failure   Level
a - Foxfire               Conj/Fire      20%        2x1d5     16%         1
Your spell library was empty.

Dungeon Overview and Level Annotations

Branches:
Dungeon (2/15)

Altars:


Innate Abilities, Weirdness & Mutations

You are immune to sickness and miasma.
You are immune to poison.
Your flesh is almost immune to the effects of heat. (rF+++)
You are vulnerable to cold. (rC-)
You float through the air rather than walking.
You learn spells naturally, not from books.
Your magical power is your life essence.
You have superior vitality. (+4 MHP)
You are partially covered in iridescent scales. (AC +2)
Your mind is acute. (Int +4, Str/Dex -1)
You are robust. (+10% HP)


Message History

Natasha claws you!
* * * LOW HITPOINT WARNING * * *
The orc hits you but does no damage.
The hobgoblin hits you but does no damage.
Unknown command.
You hit Natasha.
Natasha suddenly seems more resistant.
Natasha is almost dead.
Natasha barely misses you. The cerulean imp closely misses you.
The orc closely misses you.
Unknown command.
You hit Natasha but do no damage.
Natasha is almost dead.
Natasha barely misses you. The cerulean imp barely misses you.
The orc closely misses you. The orc priest barely misses you.
Natasha claws you but does no damage.
You hit Natasha.
You kill Natasha!
Natasha screams in fury as she dies!
The cerulean imp disappears in a puff of smoke!
The orc closely misses you. The hobgoblin closely misses you.
The orc priest closely misses you.
Your Long Blades skill increases to level 3!
You have reached level 4!
You feel agile.
You catch the helpless orc priest completely off-guard!
You hit the orc priest but do no damage.
The orc hits you but does no damage. The hobgoblin hits you.
* * * LOW HITPOINT WARNING * * *
The orc priest hits you but does no damage.
The orc closely misses you.
You hit the orc priest.
The orc priest is moderately wounded.
The hobgoblin hits you but does no damage.
The orc priest hits you but does no damage.
The orc hits you but does no damage.
You hit the orc priest.
The orc priest is heavily wounded.
The hobgoblin hits you but does no damage.
The orc priest hits you with a +0 whip.
You die...

....# .## ....# .. ....#
.# ....# #.##### .<..#
.......
....#############.......
######...oh5.§..........
#..#########o.......
#.###......o@g.#####
#.##..~...~....#
###.#$...........#
#...#o...........#
###.#g#............#
.....h##..~...~....#
.....o###..........#####.
......o#########.........
...5.#.....ho............


You could see an orc priest (unable to see you), an orc (unable to see you) and
a hobgoblin (unable to see you).

Vanquished Creatures
  Natasha (D:2)
  A dart slug (D:1)
  2 ball pythons (D:1)
  3 endoplasms
  3 giant cockroaches (D:1)
  2 goblins
  3 hobgoblins
  A kobold (D:1)
  4 bats (D:1)
  4 frilled lizards (D:1)
  3 rats (D:1)
27 creatures vanquished.

Notes
Turn   | Place    | Note
-------+----------+-------------------------------------------
     0 | D:1      | Xavori the Djinni Chaos Knight began the quest for the Orb.
     0 | D:1      | Reached XP level 1. HP: 20/20 MP: 0/0
    10 | D:1      | XOM: silly message
    57 | D:1      | XOM: silly message
    70 | D:1      | Found a faded altar of an unknown god.
    74 | D:1      | XOM: butterfly on damage
    96 | D:1      | Reached XP level 2. HP: 8/25 MP: 0/0
   215 | D:1      | XOM: divination: magic mapping
   328 | D:1      | XOM: divination: detect creatures
   353 | D:1      | XOM: silly message
   396 | D:1      | XOM: summons 2 hostile demons
   398 | D:1      | XOM: butterfly on damage
   471 | D:1      | XOM: 6-stop teleportation journey
   508 | D:1      | Reached XP level 3. HP: 30/30 MP: 0/0
   508 | D:1      | Learned a level 1 spell: Foxfire
   562 | D:1      | Reached skill level 1 in Spellcasting
   562 | D:1      | Reached skill level 1 in Conjurations
   562 | D:1      | Reached skill level 1 in Hexes
   562 | D:1      | Reached skill level 1 in Summonings
   562 | D:1      | Reached skill level 1 in Necromancy
   562 | D:1      | Reached skill level 1 in Translocations
   562 | D:1      | Reached skill level 1 in Fire Magic
   562 | D:1      | Reached skill level 1 in Ice Magic
   562 | D:1      | Reached skill level 1 in Air Magic
   562 | D:1      | Reached skill level 1 in Earth Magic
   562 | D:1      | Reached skill level 1 in Alchemy
   660 | D:1      | XOM: god gift: wand of digging (5)
   691 | D:1      | XOM: give mutations
   691 | D:1      | Gained mutation: You are partially covered in iridescent
                  | scales. (AC +2) [Xom's grace]
   691 | D:1      | Gained mutation: Your mind is acute. (Int +4, Str/Dex -1)
                  | [Xom's grace]
   691 | D:1      | Gained mutation: You are robust. (+10% HP) [Xom's grace]
   691 | D:1      | Gained mutation: Your flesh is almost immune to the effects
                  | of heat. (rF+++) [Xom's grace]
   728 | D:1      | XOM: god gift: 26 gold pieces
  1021 | D:2      | Noticed Natasha
  1042 | D:2      | XOM: confuse monster(s)
  1055 | D:2      | XOM: noise
  1060 | D:2      | XOM: confuse monster(s)
  1087 | D:2      | Killed Natasha
  1088 | D:2      | Reached XP level 4. HP: 3/38 MP: 0/0
  1090 | D:2      | Slain by an orc priest

Illustrated notes

Levels and vault maps discovered:
D:1:      lemuel_arrival_cross, layout_loops_ring, shapermc_ecumenical_altar_gd,
          minmay_vboxes
D:2:      cheibrodos_pilgrimage, layout_basic, uniq_natasha

Skill      XL: |  1  2  3 |
---------------+----------+-----
Spellcasting   | 1 |  1.3
Conjurations   | 1 |  1.3
Hexes          | 1 |  1.3
Summonings     | 1 |  1.3
Necromancy     | 1 |  1.3
Translocations | 1 |  1.3
Fire Magic     | 1 |  1.3
Ice Magic      | 1 |  1.3
Air Magic      | 1 |  1.3
Earth Magic    | 1 |  1.3
Alchemy        | 1 |  1.3
Long Blades    | 3 |  3.0
Fighting       | |  3.3
Armour         | |  1.6
Dodging        | |  2.6

Action                     |  1- 3 |  4- 6 || total
---------------------------+-------+-------++-------
  Melee: Falchion          |    84 |     3 ||    87
    Use: Potion            |     1 |       ||     1
   Stab: Invisible         |       |     1 ||     1
 Armour: Leather armour    |    79 |     8 ||    87
  Dodge: Dodged            |    87 |     1 ||    88

Table legend: (Time is in decaauts)
 A = Elapsed time spent in this place.
 B = Non-inter-level travel time spent in this place.
 C = Inter-level travel time spent in this place.
 D = Time resting spent in this place.
 E = Time spent auto-exploring this place.
 F = Levels seen in this place.
 G = Mean time per level.
                   A        B        C        D        E       F      G
               +--------+--------+--------+--------+--------+-----+--------+
         Total |   1108 |   1083 |     25 |    126 |    721 |   2 |  554.0 |
       Dungeon |   1108 |   1083 |     25 |    126 |    721 |   2 |  554.0 |
               +--------+--------+--------+--------+--------+-----+--------+

Top non-repeatable levels by time:
     D:1: 969 daAuts
     D:2: 139 daAuts
